 Dungeon Crawl Stone Soup version 0.28-a0-1227-ga9037bb4c8 (webtiles) character file.

Game seed: 11844703880034030076

443 rogsnak the Conjurer (level 6, -1/43 HPs)
             Began as a Demonspawn Air Elementalist on Dec 22, 2021.
             Slain by a kobold brigand (4 damage)
             ... in a sewer.
             The game lasted 00:12:07 (3597 turns).

rogsnak the Conjurer (Demonspawn Air Elementalist)  Turns: 3597, Time: 00:12:08

Health: -1/43      AC:  4    Str:  9    XL:     6   Next: 71%
Magic:  10/11      EV: 12    Int: 18    God:
Gold:   71         SH:  0    Dex: 15    Spells: 11/12 levels left

rFire   . . .      SeeInvis .   f - +0 trident
rCold   . . .      Faith    .   (no shield)
rNeg    + . .      Spirit   .   a - +0 robe
rPois   .          Reflect  .   (no helmet)
rElec   .          Harm     .   (no cloak)
rCorr   .          Rampage  .   (no gloves)
Will    .....      Clarity  +   (no boots)
Stlth   ++........              j - amulet of magic regeneration
HPRegen 0.14/turn               l - ring of positive energy
MPRegen 0.52/turn               (no ring)

@: no status effects
A: molten scales 1, ignite blood 1, spiny 1, agile 1, clarity
a: no special abilities


You were in a sewer.
You visited 1 branch of the dungeon, and saw 3 of its levels.
You also visited: Sewer.

You collected 71 gold pieces.

Inventory:

Hand Weapons
 b - a +0 club
 f - a +0 trident (weapon)
Missiles
 d - 14 poisoned darts (quivered)
 p - a curare-tipped dart
Armour
 a - a +0 robe (worn)
 h - the -3 helmet of Inevitability {Will++}
   (You took it off Robin on level 2 of the Dungeon)

   Will:      It greatly increases your willpower.
Jewellery
 j - an amulet of magic regeneration (around neck)
 l - a ring of positive energy (left hand)
Scrolls
 c - 2 scrolls of teleportation {unknown}
 e - a scroll of vulnerability {unknown}
 g - 3 scrolls of identify {unknown}
 s - a scroll of brand weapon {unknown}
Potions
 i - a potion of mutation
 k - a potion of flight {unknown}
 m - 4 potions of heal wounds {unknown}
 n - 2 potions of might {unknown}
 o - a potion of magic {unknown}
 q - a potion of invisibility {unknown}
 r - a potion of resistance {unknown}


   Skills:
 + Level 1.1 Fighting
 + Level 0.1 Throwing
 + Level 2.1 Dodging
 - Level 1.7 Stealth
 + Level 3.9 Spellcasting
 * Level 4.2 Conjurations
 + Level 4.1 Air Magic


You had 11 spell levels left.
You knew the following spells:

 Your Spells              Type           Power      Damage    Failure   Level
a - Shock                 Conj/Air       72%        1d7       2%          1

Your spell library contained the following spells:

 Spells                   Type           Power      Damage    Failure   Level
 Static Discharge         Conj/Air       18%        N/A       4%          2
 Swiftness                Air            18%        N/A       9%          3
 Airstrike                Air            9%         N/A       26%         4


Dungeon Overview and Level Annotations

Branches:
Dungeon (3/15)              Sewer (1/1)

Altars:
Trog

Annotations:
D:2 Sigmund


Innate Abilities, Weirdness & Mutations

You are partially covered in molten scales. (AC +2)
Your demonic aura sometimes causes spilled blood to erupt in flames.
You are partially covered in sharp spines.
You are agile. (Dex +2)
You possess an exceptional clarity of mind.


Message History

Okay, then.
It was a potion of mutation.
You feel extremely strange.
Your thoughts seem clearer.
You feel agile. The kobold brigand closely misses you.
Welcome back, rogsnak the Demonspawn Air Elementalist.
Press ? for a list of commands and other information.
Press: ? - help, v - describe, . - travel
Here: a kobold brigand, wielding a +0 whip and quivering poisoned darts (severely wounded)
The floor.
Casting: Shock (safe; 2% risk of failure)
Confirm with . or Enter, or press ? or * to list all spells.
Aiming: Shock (safe; 2% risk of failure)
Press: ? - help, Shift-Dir - straight line, f - kobold brigand
Aim: a kobold brigand, wielding a +0 whip and quivering poisoned darts (severely wounded, 64% to hit)
Okay, then.
Unknown command.
Casting: Shock (safe; 2% risk of failure)
Confirm with . or Enter, or press ? or * to list all spells.
Aiming: Shock (safe; 2% risk of failure)
Press: ? - help, Shift-Dir - straight line, f - kobold brigand
Aim: a kobold brigand, wielding a +0 whip and quivering poisoned darts (severely wounded, 64% to hit)
The zap hits the kobold brigand.
The kobold brigand is almost dead.
The kobold brigand closely misses you.
Unknown command.
Unknown command.
Casting: Shock (safe; 2% risk of failure)
Confirm with . or Enter, or press ? or * to list all spells.
Aiming: Shock (safe; 2% risk of failure)
Press: ? - help, Shift-Dir - straight line, f/p - kobold brigand
Aim: a kobold brigand, wielding a +0 whip and quivering poisoned darts (almost dead, 64% to hit)
Okay, then.
Casting: Shock (safe; 2% risk of failure)
Confirm with . or Enter, or press ? or * to list all spells.
Aiming: Shock (safe; 2% risk of failure)
Press: ? - help, Shift-Dir - straight line, f/p - kobold brigand
Aim: a kobold brigand, wielding a +0 whip and quivering poisoned darts (almost dead, 64% to hit)
The zap misses the kobold brigand.
The kobold brigand hits you with a +0 whip.
You die...

###### ### ###
..#..# #!!#!!
..)..# ≈# ?...?
#...## #≈# ##...##
.....# ≈#≈# ..)..
..)..# #≈#≈# .(.
##)####≈#≈#≈###)###
...≈≈≈≈≈≈≈≈≈≈≈....#
...≈≈≈≈≈≈≈≈≈≈≈.K@.#
...≈≈≈≈≈≈≈≈≈≈....##
...≈≈≈≈≈≈≈≈≈#....#
...≈≈≈≈≈≈≈≈##....#
...≈≈≈≈≈≈≈≈#.....#
...≈≈≈≈≈≈≈≈≈.....#
...≈≈≈≈≈≈≈≈≈....##
...≈≈≈≈≈≈≈≈....##
....≈≈≈≈≈≈≈....#


You could see a kobold brigand.

Vanquished Creatures
  2 kobold brigands (Sewer)
  A hound (D:3)
  Jessica (D:2)
  An orc wizard (D:3)
  Robin (D:2)
  3 adders
  7 river rats
  2 dart slugs
  4 orcs (D:3)
  13 ball pythons
  5 bats
  4 endoplasms
  8 giant cockroaches
  11 goblins
  11 hobgoblins
  A quokka (D:1)
  5 frilled lizards
  14 kobolds
  26 rats
120 creatures vanquished.

Notes
Turn   | Place    | Note
-------+----------+-------------------------------------------
     0 | D:1      | rogsnak the Demonspawn Air Elementalist began the quest for
                  | the Orb.
     0 | D:1      | Reached XP level 1. HP: 13/13 MP: 3/3
   200 | D:1      | Gained mutation: You are partially covered in molten
                  | scales. (AC +2) [demonic ancestry]
   200 | D:1      | Reached XP level 2. HP: 19/19 MP: 0/5
  1203 | D:1      | Gained mutation: Your demonic aura sometimes causes spilled
                  | blood to erupt in flames. [demonic ancestry]
  1203 | D:1      | Reached XP level 3. HP: 24/24 MP: 4/6
  1651 | D:2      | Noticed Sigmund
  1848 | D:2      | Identified the -3 helmet of Inevitability {Will++}
  1848 | D:2      | Noticed Robin
  2023 | D:2      | Killed Robin
  2130 | D:2      | Found a bloodstained altar of Trog.
  2140 | D:2      | Reached XP level 4. HP: 30/30 MP: 5/8
  2464 | D:2      | Noticed Jessica
  2467 | D:2      | Killed Jessica
  2665 | D:3      | Gained mutation: You are partially covered in sharp spines.
                  | [demonic ancestry]
  2665 | D:3      | Reached XP level 5. HP: 35/35 MP: 7/9
  2880 | D:3      | Found a glowing drain.
  2893 | Sewer    | Entered a sewer
  2914 | Sewer    | Reached skill level 1 in Fighting
  3077 | Sewer    | Reached XP level 6. HP: 15/43 MP: 8/11
  3593 | Sewer    | HP: 2/43 [kobold brigand (2)]
  3594 | Sewer    | Gained mutation: You possess an exceptional clarity of
                  | mind. [potion of mutation]
  3594 | Sewer    | Gained mutation: You are agile. (Dex +2) [potion of
                  | mutation]
  3597 | Sewer    | Slain by a kobold brigand

Illustrated notes

Levels and vault maps discovered:
D:1:      scummos_arrival_star, layout_basic
D:2:      layout_loops_corners, basic_altar, uniq_jessica, uniq_robin,
          uniq_sigmund
D:3:      layout_basic, portal_sewer_entry_b, kennysheep_generic_room_12
Sewer:    sewer_minmay_treatment

Skill      XL: |  1  2  3  4  5  6 |
---------------+-------------------+-----
Air Magic      | 3 4 |  4.1
Dodging        | 2 |  2.1
Conjurations   | 2 3 4 |  4.2
Spellcasting   | 3 |  3.9
Fighting       | 1 |  1.1
Throwing       | |  0.1
Stealth        | |  1.7

Action                   |  1- 3 |  4- 6 || total
-------------------------+-------+-------++-------
Melee: Unarmed           |     3 |       ||     3
       Club              |    23 |       ||    23
       Trident           |    10 |    46 ||    56
Throw: Dart              |       |     3 ||     3
 Cast: Shock             |    69 |   106 ||   175
  Use: Potion            |       |     1 ||     1
 Stab: Sleeping          |       |     2 ||     2
Armor: Robe              |    17 |     9 ||    26
Dodge: Dodged            |    37 |    36 ||    73

Table legend: (Time is in decaauts)
 A = Elapsed time spent in this place.
 B = Non-inter-level travel time spent in this place.
 C = Inter-level travel time spent in this place.
 D = Time resting spent in this place.
 E = Time spent auto-exploring this place.
 F = Levels seen in this place.
 G = Mean time per level.
                   A        B        C        D        E       F      G
               +--------+--------+--------+--------+--------+-----+--------+
         Total |   3626 |   3590 |     36 |    749 |   1340 |   4 |  906.5 |
       Dungeon |   2909 |   2873 |     36 |    363 |   1340 |   3 |  969.7 |
         Sewer |    716 |    716 |      0 |    386 |      0 |   1 |  716.0 |
               +--------+--------+--------+--------+--------+-----+--------+

Top non-repeatable levels by time:
     D:1: 1441 daAuts
     D:2: 1077 daAuts
   Sewer: 716 daAuts
     D:3: 390 daAuts
